 Dungeon Crawl Stone Soup version 0.31-a0-95-g6fa058ef04 (webtiles) character file.

Game seed: 5137142141712292413

49 NateTC the Shooter (level 4, 0/33 HPs)
             Began as a Djinni Hunter on May 26, 2023.
             Slain by Terence
             ... wielding a +0 hand axe
              (2 damage)
             ... on level 2 of the Dungeon.
             The game lasted 00:01:46 (1088 turns).

NateTC the Shooter (Djinni Hunter)                  Turns: 1088, Time: 00:01:47

Health: 0/33       AC:  4    Str: 10    XL:     4   Next: 1%
Gold:   140        EV: 12    Int: 10    God:
                   SH:  0    Dex: 19

rFire   + + .        a - +0 shortbow
rCold   x . .        (shield currently unavailable)
rNeg    . . .        c - +1 leather armour
rPois   ∞            (no helmet)
rElec   .            (no cloak)
rCorr   .            (no gloves)
SInv    .            (boots unavailable)
Will    .....        (no amulet)
Stlth   ++           (no ring)
HPRegen 0.25/turn    (no ring)
MPRegen 0.00/turn

%: infuse magic (-1 HP)
@: flying
A: sickness immunity, fire resistance 2, cold vulnerability 1, float, innate
caster, HP casting, extra vitality 1
a: no special abilities


You were on level 2 of the Dungeon.
You visited 1 branch of the dungeon, and saw 2 of its levels.

You collected 140 gold pieces.

Inventory:

Hand Weapons
 a - a +0 shortbow (weapon)
Armour
 c - a +1 leather armour (worn)
Scrolls
 b - a scroll of immolation
 d - a scroll of identify {unknown}
 e - a scroll of blinking {unknown}
 i - a scroll of summoning {unknown}
Potions
 f - a potion of magic {unknown}
 g - a potion of brilliance {unknown}
 h - 3 potions of curing {unknown}
 j - 2 potions of resistance {unknown}
 k - a potion of heal wounds {unknown}


   Skills:
 - Level 2.0 Fighting
 * Level 4.4 Ranged Weapons
 - Level 2.1 Dodging
 - Level 0.7 Stealth


You knew the following spells:

 Your Spells              Type           Power      Damage    Failure   Level
a - Sandblast             Erth           0%         2d4       45%         1
Your spell library was empty.

Dungeon Overview and Level Annotations

Branches:
Dungeon (2/15) Zot: 10881

Altars:

Annotations:
D:2 Terence


Innate Abilities, Weirdness & Mutations

You are immune to sickness and miasma.
You are immune to poison.
Your flesh is very heat resistant. (rF++)
You are vulnerable to cold. (rC-)
You float through the air rather than walking.
You learn spells naturally, not from books.
Your magical power is your life essence.
You have superior vitality. (+4 MHP)


Message History

Aim: Terence, wielding a +0 hand axe and wearing a +0 chain mail (heavily wounded, 71% to hit)
You shoot an arrow.
The arrow hits Terence but does no damage.
Terence is heavily wounded.
Terence hits you with a +0 hand axe.
* * * LOW HITPOINT WARNING * * *
Fire: a) +0 shortbow
Press: ? - help, Q - select action, (/) - cycle Shift-Dir - straight line, f/p - Terence
Aim: Terence, wielding a +0 hand axe and wearing a +0 chain mail (heavily wounded, 71% to hit)
You shoot an arrow. The arrow hits Terence!
Terence is almost dead.
Terence closely misses you. Terence barely misses you.
Fire: a) +0 shortbow
Press: ? - help, Q - select action, (/) - cycle Shift-Dir - straight line, f/p - Terence
Aim: Terence, wielding a +0 hand axe and wearing a +0 chain mail (almost dead, 71% to hit)
You shoot an arrow. The arrow barely misses Terence.
Terence misses you.
Fire: a) +0 shortbow
Press: ? - help, Q - select action, (/) - cycle Shift-Dir - straight line, f/p - Terence
Aim: Terence, wielding a +0 hand axe and wearing a +0 chain mail (almost dead, 71% to hit)
You shoot an arrow. The arrow hits Terence.
Terence is almost dead.
Terence hits you with a +0 hand axe.
* * * LOW HITPOINT WARNING * * *
Fire: a) +0 shortbow
Press: ? - help, Q - select action, (/) - cycle Shift-Dir - straight line, f/p - Terence
Aim: Terence, wielding a +0 hand axe and wearing a +0 chain mail (almost dead, 71% to hit)
You shoot an arrow. The arrow closely misses Terence.
Terence hits you with a +0 hand axe.
* * * LOW HITPOINT WARNING * * *
Fire: a) +0 shortbow
Press: ? - help, Q - select action, (/) - cycle Shift-Dir - straight line, f/p - Terence
Aim: Terence, wielding a +0 hand axe and wearing a +0 chain mail (almost dead, 71% to hit)
You shoot an arrow.
The arrow hits Terence but does no damage.
Terence is almost dead.
Terence hits you with a +0 hand axe.
* * * LOW HITPOINT WARNING * * *
Terence hits you with a +0 hand axe.
You die...

.................#
...........#####.#
.##.###'#.#....#.#
.....##.#.#.##.#.#
.....##.#.#.##.#.#
.....##.#.#<##.#.#
........#.####.#.#
......>.#.#....#.#
.....##.#.#.#..#@#
.....##.#.#.####@#
.....##.#.#....#.#
#.####.#.#
#.####.#.###
#......#...#
##########.#
........#
#########


You could see Terence.

Vanquished Creatures
  A worm (D:2)
  A dart slug (D:2)
  An endoplasm (D:2)
  2 giant cockroaches (D:1)
  4 goblins
  4 hobgoblins
  6 jackals (D:2)
  4 quokkas
  4 ball pythons
  2 bats
  A frilled lizard (D:2)
  4 kobolds
  6 rats
40 creatures vanquished.

Notes
Turn   | Place    | Note
-------+----------+-------------------------------------------
     0 | D:1      | NateTC the Djinni Hunter began the quest for the Orb.
     0 | D:1      | Reached XP level 1. HP: 18/18 MP: 0/0
   160 | D:1      | Reached XP level 2. HP: 23/23 MP: 0/0
   588 | D:2      | Reached skill level 4 in Ranged Weapons
   588 | D:2      | Reached XP level 3. HP: 21/28 MP: 0/0
   588 | D:2      | Learned a level 1 spell: Sandblast
   970 | D:2      | Reached XP level 4. HP: 33/33 MP: 0/0
  1061 | D:2      | Noticed Terence
  1088 | D:2      | Slain by Terence

Illustrated notes

Levels and vault maps discovered:
D:1:      tarquinn_simple_flora_water_f, layout_rooms
D:2:      layout_basic, basic_altar, lightli_corner_chamber, uniq_terence

Skill      XL: |  1  2 |
---------------+-------+-----
Ranged Weapons | 4 |  4.4
Fighting       | |  2.0
Dodging        | |  2.1
Stealth        | |  0.7

Action                     |  1- 3 |  4- 6 || total
---------------------------+-------+-------++-------
   Fire: Shortbow          |    97 |    20 ||   117
   Cast: Sandblast         |     2 |     1 ||     3
    Use: Scroll            |     5 |       ||     5
 Armour: Leather armour    |     6 |     1 ||     7
  Dodge: Dodged            |    25 |    13 ||    38

Table legend: (Time is in decaauts)
 A = Elapsed time spent in this place.
 B = Non-inter-level travel time spent in this place.
 C = Inter-level travel time spent in this place.
 D = Time resting spent in this place.
 E = Time spent auto-exploring this place.
 F = Levels seen in this place.
 G = Mean time per level.
                   A        B        C        D        E       F      G
               +--------+--------+--------+--------+--------+-----+--------+
         Total |   1117 |   1101 |     16 |      0 |    874 |   2 |  558.5 |
       Dungeon |   1117 |   1101 |     16 |      0 |    874 |   2 |  558.5 |
               +--------+--------+--------+--------+--------+-----+--------+

Top non-repeatable levels by time:
     D:2: 601 daAuts
     D:1: 516 daAuts
